AoeStats
← Yorshka

Arabia

507967678Analyzed
1v1 RM · 13d ago on Sep 20, 2026· 22m 32s· 2 players
Game mode
Random Map
Map size
Tiny (2 player)
Population
200
Speed
Normal
Resources
Standard
Victory
Conquest
Starting age
Dark Age
Ending age
Imperial Age
RankedLock teamsTeams togetherTeam positionsShared explorationLock speedFull tech treeHidden civsTurbo modeCheats
Victory
Defeat
🇹🇼 Mongols · Taiwan
1865
+22
🇨🇳 Portuguese · China
2004
-22
Yorshka
6:14 Loom
8:33 Feudal Age
9:14 Double-Bit Axe
9:40 Horse Collar
18:30 Castle Age
17:04 Gold Mining
18:24 Scale Mail Armor
18:37 Crossbowman
apple6206ha
4:40 Loom
8:48 Feudal Age
14:15 Castle Age
12:34 Double-Bit Axe
Connection lost

Rejoining the realm…

Still unreachable

The connection could not be restored.

Session expired

The server has moved on; the page needs a fresh start.